 Dungeon Crawl Stone Soup version 0.30.0-29-ga12c61a403 (webtiles) character file.

Game seed: 7820497067841359758

3987 ChadusMaximus the Cleaver (level 10, 0/88 HPs)
             Began as a Minotaur Fighter on June 18, 2023.
             Was a Believer of Okawaru.
             Slain by an unseen horror (5 damage)
             ... on level 7 of the Dungeon.
             The game lasted 00:06:06 (7268 turns).

ChadusMaximus the Cleaver (Minotaur Fighter)        Turns: 7268, Time: 00:06:07

Health: 0/88       AC: 15    Str: 25    XL:     10   Next: 3%
Magic:  13/13      EV: 11    Int:  5    God:    Okawaru [**....]
Gold:   398        SH:  7    Dex: 10    Spells: 9/9 levels left

rFire   . . .        a - +0 war axe
rCold   . . .        c - +0 buckler
rNeg    . . .        b - +0 scale mail
rPois   +            (helmet restricted)
rElec   +            (no cloak)
rCorr   .            C - +3 pair of gloves of Bouzonux {rElec}
SInv    .            s - +0 pair of boots
Will    .....        (no amulet)
Stlth   +            k - ring of poison resistance
HPRegen 0.34/turn    (no ring)
MPRegen 0.13/turn

%: no passive effects
@: heroic
A: horns 2, retaliatory headbutt
a: Renounce Religion, Heroism


You were on level 7 of the Dungeon.
You worshipped Okawaru.
Okawaru was pleased with you.
You visited 1 branch of the dungeon, and saw 7 of its levels.

You collected 398 gold pieces.

Inventory:

Hand Weapons
 a - a +0 war axe (weapon)
Armour
 b - a +0 scale mail (worn)
 c - a +0 buckler (worn)
 s - a +0 pair of boots (worn)
 A - a +0 pair of gloves
 C - the +3 pair of gloves of Bouzonux (worn) {rElec}
   (You found it on level 5 of the Dungeon)

   rElec:     It insulates you from electricity.
Jewellery
 k - a ring of poison resistance (left hand)
 n - a ring of willpower
 u - an amulet of magic regeneration
 y - an amulet of magic regeneration
Wands
 f - a wand of charming (8)
 w - a wand of flame (17)
 B - a wand of digging (6)
Scrolls
 h - a scroll of fog {unknown}
 i - 3 scrolls of poison
 j - a scroll of amnesia {unknown}
 l - 5 scrolls of identify
 o - a scroll of enchant weapon {unknown}
 p - a scroll of brand weapon {unknown}
 r - 2 scrolls of vulnerability {unknown}
 t - 2 scrolls of enchant armour {unknown}
 D - 2 scrolls of blinking {unknown}
 E - 2 scrolls of magic mapping {unknown}
 F - a scroll of noise {unknown}
 G - 2 scrolls of immolation {unknown}
 H - a scroll of fear {unknown}
Potions
 d - 2 potions of might
 e - 3 potions of lignification
 m - a potion of brilliance
 q - a potion of ambrosia {unknown}
 v - a potion of mutation {unknown}
 x - a potion of resistance {unknown}
 z - a potion of flight
 I - 2 potions of heal wounds


   Skills:
 + Level 8.0(13.0) Fighting
 * Level 10.2(15.2) Axes
 + Level 8.1(13.1) Armour
 + Level 8.0(13.0) Shields
 * Level 5.6 Invocations


You had 9 spell levels left.
You didn't know any spells.
Your spell library contained the following spells:

 Spells                   Type           Power      Damage    Failure   Level
 Apportation              Tloc           0%         N/A       75%         1
 Necrotise                Necr           0%         1d4       75%         1
 Sting                    Tmut/Pois      0%         1d3       75%         1
 Poisonous Vapours        Pois/Air       0%         N/A       86%         2
 Stone Arrow              Conj/Erth      0%         3d7       98%         3
 Olgreb's Toxic Radiance  Pois           0%         N/A       100%        4
 Passage of Golubria      Tloc           0%         N/A       100%        4
 Yara's Violent Unravell  Hex/Tmut       0%         3d3       100%        5
 Storm Form               Tmut/Air       0%         N/A       100%        7
 Lehudib's Crystal Spear  Conj/Erth      0%         10d2      100%        8
 Maxwell's Capacitive Co  Air            0%         ∞         100%        8
 Summon Small Mammal      Summ           Unusable   N/A       N/A         1
 Tukima's Dance           Hex            Unusable   N/A       N/A         3
 Animate Armour           Summ/Erth      Unusable   N/A       N/A         4
 Summon Lightning Spire   Summ/Air       Unusable   N/A       N/A         4

Dungeon Overview and Level Annotations

Branches:
Dungeon (7/15)             Temple (0/1) D:5

Altars:
Okawaru
Sif Muna
Wu Jian

Shops:
D:4 *   D:7 =


Innate Abilities, Weirdness & Mutations

You have a pair of horns on your head.
You reflexively headbutt those who attack you in melee.


Message History

You closely miss something. Something hits you but does no damage.
Something hits you but does no damage.
You closely miss something. You headbutt something!
Something hits you but does no damage.
You hit something but do no damage.
Something hits you but does no damage. x2
You miss something. Something hits you.
* * * LOW HITPOINT WARNING * * *
You barely miss something. Something hits you.
* * * LOW HITPOINT WARNING * * *
Something hits you but does no damage. You block something's attack.
You see here a water moccasin corpse.
Something hits you but does no damage. Something hits you but does no damage.
Something hits you but does no damage.
You see here a water moccasin corpse.
Something hits you but does no damage. x2
Something hits you.
* * * LOW HITPOINT WARNING * * *
You block something's attack.
You see here a water moccasin corpse.
Something hits you.
* * * LOW HITPOINT WARNING * * *
Something hits you but does no damage. Something hits you but does no damage.
Something hits you but does no damage. Something hits you but does no damage.
You see here a water moccasin corpse.
Something hits you but does no damage. x2; Something hits you.
* * * LOW HITPOINT WARNING * * *
Something hits you but does no damage. x2
Something hits you but does no damage.
You slice something!! You headbutt something. Something hits you!
* * * LOW HITPOINT WARNING * * *
Something hits you but does no damage.
You see here a water moccasin corpse.
You hit something. Your headbutt misses something.
Something hits you but does no damage. Something hits you.
You die...

........## ##.##.......##.##
.....(...# #..#.#.#.#.#..#
..#####..# ##.##.....##..#
..#####..## #..#.#.#.#...#
..##......# #..##...##.#.#
..........# ##...#.#.#..#.#
..##.##...# ##....##.##....#
..........###......#.#...###
#..........##)..@#.#'#...#
#.##..##......#†##......##
#.###.##...####.######..# #
#.###.##.######.######.#### #
#...................##....# #
#####.#...####.####.#####.# #
#.##..##.....##.# #.# #
##.###.#.......#.## ##.## #
##...##.#.......#..###...######


There were no monsters in sight!

Vanquished Creatures
  A manticore (D:7)
  Grinder (D:6)
  A slime creature (D:7)
  A wyvern (D:7)
  A yak (D:7)
  A vampire mosquito (D:7)
  A steam dragon (D:7)
  2 water moccasins (D:7)
  3 ice beasts
  2 sky beasts (D:7)
  2 black bears
  An ogre (D:7)
  2 centaurs
  3 phantoms (D:5)
  A gnoll sergeant (D:7)
  2 bullfrogs
  A scorpion (D:6)
  9 killer bees (D:7)
  6 hounds
  3 jellies
  4 iguanas
  Terence (D:2)
  2 orc wizards (D:3)
  Robin (D:3)
  12 gnolls
  6 adders
  A shadow imp (D:7)
  3 white imps
  3 ufetubi
  A dart slug (D:4)
  10 orcs
  9 ball pythons
  11 endoplasms
  4 giant cockroaches
  16 goblins
  12 hobgoblins
  5 jackals
  A quokka (D:2)
  3 bats
  2 frilled lizards
  4 kobolds
  7 rats
162 creatures vanquished.

Notes
Turn   | Place    | Note
-------+----------+-------------------------------------------
     0 | D:1      | ChadusMaximus the Minotaur Fighter began the quest for the
                  | Orb.
     0 | D:1      | Reached XP level 1. HP: 19/19 MP: 0/0
    83 | D:1      | Reached XP level 2. HP: 20/27 MP: 1/1
   413 | D:1      | Reached skill level 3 in Axes
   719 | D:2      | Reached XP level 3. HP: 33/33 MP: 2/2
   871 | D:2      | Found a faded altar of an unknown god.
   902 | D:2      | Noticed Terence
   912 | D:2      | Killed Terence
  1007 | D:2      | Reached XP level 4. HP: 38/40 MP: 3/3
  1262 | D:2      | Found a shimmering blue altar of Sif Muna.
  1304 | D:3      | Noticed Robin
  1316 | D:3      | Killed Robin
  1592 | D:3      | Reached skill level 4 in Axes
  1767 | D:3      | Reached XP level 5. HP: 26/47 MP: 4/4
  2580 | D:4      | Reached skill level 5 in Armour
  2601 | D:4      | You fall into a shaft and drop 2 floors!
  2672 | D:6      | Reached skill level 5 in Axes
  2672 | D:6      | Reached XP level 6. HP: 55/55 MP: 5/5
  2760 | D:6      | Reached skill level 5 in Fighting
  2760 | D:6      | Reached skill level 5 in Shields
  2869 | D:5      | Entered Level 5 of the Dungeon
  2875 | D:5      | Reached XP level 7. HP: 58/61 MP: 6/6
  2878 | D:5      | Reached skill level 6 in Axes
  2931 | D:4      | Found Las Ekem's General Store.
  3103 | D:4      | HP: 3/61 [iguana (11)]
  3130 | D:4      | HP: 4/93 [gnoll/+0 halberd (2)]
  3131 | D:4      | HP: 1/93 [gnoll/+0 halberd (4)]
  3139 | D:4      | HP: 3/93 [gnoll/+0 halberd (7)]
  3994 | D:5      | Identified the +3 pair of gloves of Bouzonux {rElec}
  4065 | D:5      | Reached skill level 7 in Axes
  4173 | D:5      | Found an iron altar of Okawaru.
  4187 | D:5      | Reached XP level 8. HP: 68/70 MP: 7/7
  4204 | D:5      | Became a worshipper of Warmaster Okawaru
  4443 | D:5      | Found a staircase to the Ecumenical Temple.
  4705 | D:6      | Noticed Grinder
  4723 | D:6      | Killed Grinder
  4724 | D:6      | Reached skill level 1 in Invocations
  4824 | D:6      | Reached skill level 8 in Axes
  5176 | D:7      | Reached * piety under Okawaru
  5178 | D:7      | HP: 3/71 [gnoll sergeant/+0 spear (5)]
  5657 | D:7      | Reached XP level 9. HP: 78/79 MP: 10/10
  5739 | D:7      | Found an ornate altar of the Wu Jian Council.
  5794 | D:7      | Reached skill level 9 in Axes
  6212 | D:7      | Found Esovol's Jewellery Boutique.
  6429 | D:7      | Reached ** piety under Okawaru
  6696 | D:7      | Noticed a troll
  6696 | D:7      | Noticed a manticore
  6696 | D:7      | Found the +10 dark maul {heavy}
  6704 | D:7      | Reached skill level 5 in Invocations
  6710 | D:7      | Killed a manticore
  6711 | D:7      | Reached skill level 10 in Axes
  7146 | D:7      | Reached XP level 10. HP: 85/88 MP: 13/13
  7265 | D:7      | HP: 4/88 [something (9)]
  7268 | D:7      | Slain by an unseen horror

Illustrated notes

Levels and vault maps discovered:
D:1:      scummos_arrival_gate, layout_loops_ring, minmay_ruptured
D:2:      layout_rooms, ebering_ecumenical_altar_ruins, basic_altar,
          uniq_terence
D:3:      layout_basic, uniq_robin
D:4:      layout_basic, serial_shops, shop
D:5:      layout_cave_pools, mainiacjoe_overflow_tiny_flanked, temple_hall
D:6:      layout_loops_cross, uniq_grinder
D:7:      minmay_the_grid_triangle_9x9_recursive_2
          [minmay_the_grid_triangle_9x9_prize_top_heavy,
          minmay_the_grid_triangle_9x9_intruding_spiral,
          minmay_the_grid_triangle_9x9_flanged_cone,
          minmay_the_grid_triangle_9x9_sparse_checkered], layout_loops_corners,
          old_standard_altar, serial_shops, shop

Skill      XL: |  1  2  3  4  5  6  7  8  9 10 |
---------------+-------------------------------+-----
Armour         | 4 5 6 7 8 |  8.1
Shields        | 4 5 6 7 8 |  8.0
Fighting       | 4 5 6 7 8 |  8.0
Axes           | 3 4 5 7 8 10 | 10.2
Invocations    | 3 5 |  5.6

Action                     |  1- 3 |  4- 6 |  7- 9 | 10-12 || total
---------------------------+-------+-------+-------+-------++-------
  Melee: War axe           |    70 |   107 |   284 |    26 ||   487
         Headbutt          |    10 |    11 |    46 |     5 ||    72
 Invoke: Heroism           |       |       |     2 |     1 ||     3
    Use: Potion            |       |       |     8 |       ||     8
         Scroll            |       |       |     7 |       ||     7
 Armour: Scale mail        |    32 |    73 |   162 |    49 ||   316
         Skin              |       |       |    17 |       ||    17
  Dodge: Dodged            |    29 |    46 |   142 |     2 ||   219
  Block: Buckler           |    12 |    34 |    84 |     7 ||   137
